 Dungeon Crawl Stone Soup version 0.28.0-49-g6dfe1f597d (webtiles) character file.

Game seed: 1089671529906842671

54 Zeld the Insei (level 3, 0/23 HPs)
             Began as an Octopode Transmuter on May 15, 2022.
             Slain by an adder (4 damage)
             ... on level 2 of the Dungeon.
             The game lasted 00:01:08 (1581 turns).

Zeld the Insei (Octopode Transmuter)                Turns: 1581, Time: 00:01:09

Health: 0/23       AC:  1    Str: 11    XL:     3   Next: 91%
Magic:  7/7        EV: 13    Int: 15    God:
Gold:   62         SH:  0    Dex: 12    Spells: 1/7 levels left

rFire   . . .      SeeInvis .     - Unarmed
rCold   . . .      Faith    .   (no shield)
rNeg    . . .      Spirit   .   (helmet restricted)
rPois   .          Reflect  .   (no amulet)
rElec   .          Harm     .   (no ring)
rCorr   .          Rampage  .   (no ring)
Will    .....                   (no ring)
Stlth   +++.......              (no ring)
HPRegen 0.07/turn               (no ring)
MPRegen 0.10/turn               (no ring)
                                (no ring)
                                (no ring)

@: no status effects
A: almost no armour, amphibious, 8 rings, camouflage 1, gelatinous body 1,
(nimble swimmer 1), tentacles
a: no special abilities


You were on level 2 of the Dungeon.
You visited 1 branch of the dungeon, and saw 2 of its levels.

You collected 62 gold pieces.

Inventory:

Scrolls
 a - a scroll of teleportation {unknown}
 c - a scroll of magic mapping {unknown}
 d - a scroll of immolation {unknown}
Potions
 b - a potion of flight {unknown}
 e - a potion of haste {unknown}
 f - a potion of heal wounds {unknown}


   Skills:
 - Level 1.0 Fighting
 - Level 2.0 Dodging
 + Level 1.5 Stealth
 - Level 3.0 Unarmed Combat
 * Level 2.7 Spellcasting
 * Level 2.6 Transmutations
 + Level 1.0 Ice Magic
 + Level 1.0 Poison Magic


You had one spell level left.
You knew the following spells:

 Your Spells              Type           Power      Damage    Failure   Level
a - Beastly Appendage     Tmut           20%        N/A       7%          1
b - Wereblood             Tmut           10%        N/A       11%         2
c - Spider Form           Tmut/Pois      7%         N/A       28%         3

Your spell library contained the following spells:

 Spells                   Type           Power      Damage    Failure   Level
 Ice Form                 Ice/Tmut       7%         N/A       67%         4


Dungeon Overview and Level Annotations

Branches:
Dungeon (2/15)

Altars:

Annotations:
D:2 Robin


Innate Abilities, Weirdness & Mutations

You cannot wear most types of armour.
You are amphibious.
You can wear up to eight rings at the same time.
Your skin changes colour to match your surroundings (Stealth+).
Your rubbery body absorbs attacks. (AC +1, EV +1)
((You are camouflaged when in or above water. (Stealth+)))
You have tentacles for arms and can constrict up to eight enemies at once.


Message History

Your Poison Magic skill increases to level 1!
The adder hisses angrily.
You tentacle-slap the hobgoblin. Your grab misses the hobgoblin.
Your squeeze misses the hobgoblin.
The hobgoblin is severely wounded.
Robin of the Strong Arm comes into view.
They are wielding a +0 club and carrying a wand of flame (20).
The hobgoblin barely misses you.
You barely miss the hobgoblin.
Robin shouts!
You grab the hobgoblin.
The hobgoblin is severely wounded.
You constrict the hobgoblin, but do no damage.
Robin roars a battlecry!
The goblins go into a battle-frenzy!
The hobgoblin hits you!
You tentacle-slap the hobgoblin. You squeeze the hobgoblin.
You kill the hobgoblin!
Your tentacle spike disappears.
You tentacle-slap the hobgoblin. You grab the hobgoblin.
The hobgoblin is moderately wounded.
You constrict the hobgoblin. The hobgoblin hits you.
You are too injured to fight recklessly!
You are too injured to fight recklessly!
You tentacle-slap the hobgoblin.
You kill the hobgoblin!
Your Ice Magic skill increases to level 1!
Robin throws the goblin at you! The goblin closely misses you.
You tentacle-slap the goblin.
You kill the goblin!
The goblin hits you with a +0 dagger.
* * * LOW HITPOINT WARNING * * *
Items here: )) ††.
Things that are here:
a +0 dagger; 13 gold pieces; a goblin corpse The adder bites you.
* * * LOW HITPOINT WARNING * * *
The goblin no longer looks unusually strong.
You barely miss the adder. Your grab misses the adder.
Your squeeze misses the adder. The adder bites you.
You die...

#.# #..# #.# .
#.#####..# #.# #.
#........# ####.####
#. #####.####
#.......# # #.#
#.......# . #.#
#.......###... #.#
#.......))<...
##.######)....).###...
#.#..@Sgg.......# .
##.######.......# ###
####.#### #.# #.# #..
###


You could see Robin, an adder and a goblin.

Vanquished Creatures
  2 bats
  4 endoplasms (D:1)
  2 giant cockroaches
  11 goblins
  6 hobgoblins
  4 jackals (D:1)
  3 kobolds (D:1)
  2 quokkas (D:1)
  5 ball pythons
  2 frilled lizards
  5 rats (D:1)
46 creatures vanquished.

Notes
Turn   | Place    | Note
-------+----------+-------------------------------------------
     0 | D:1      | Zeld the Octopode Transmuter began the quest for the Orb.
     0 | D:1      | Reached XP level 1. HP: 13/13 MP: 3/3
   237 | D:1      | Reached XP level 2. HP: 13/18 MP: 3/5
   378 | D:1      | Reached skill level 1 in Stealth
   993 | D:1      | Reached XP level 3. HP: 19/23 MP: 4/6
  1001 | D:1      | Learned a level 2 spell: Wereblood
  1005 | D:1      | Learned a level 3 spell: Spider Form
  1564 | D:2      | Reached skill level 1 in Poison Magic
  1564 | D:2      | Noticed Robin
  1569 | D:2      | Reached skill level 1 in Ice Magic
  1581 | D:2      | Slain by an adder

Illustrated notes

Levels and vault maps discovered:
D:1:      amcnicky_arrival_wind_blow, layout_basic, fountainhead,
          dk_noncrumbling_3, st_stairs_6, minmay_box_of_dots
D:2:      layout_loops_ring, uniq_robin

Skill      XL: |  1  2  3 |
---------------+----------+-----
Stealth        | 1 |  1.5
Poison Magic   | 1 |  1.0
Ice Magic      | 1 |  1.0
Fighting       | |  1.0
Dodging        | |  2.0
Unarmed Combat | |  3.0
Spellcasting   | |  2.7
Transmutations | |  2.6

Action                   || total
-------------------------++-------
Melee: Unarmed           ||    88
       Kick              ||    22
       Constrict         ||    19
       Tentacles         ||    15
       Punch             ||     2
 Cast: Beastly Appendage ||    21
Armor: Skin              ||     7
Dodge: Dodged            ||    55
